 Dungeon Crawl Stone Soup version 0.30-a0-618-gd6c86c23d0 (webtiles) character file.

Game seed: 7607037225667920250

142 Leeroy the Slasher (level 5, -8/29 HPs)
             Began as a Deep Elf Reaver on Jan 9, 2023.
             Killed by nerve-wracking pain
             ... invoked by Grinder
              (12 damage)
             ... on level 3 of the Dungeon.
             The game lasted 00:05:16 (2276 turns).

Leeroy the Slasher (Deep Elf Reaver)                Turns: 2276, Time: 00:05:16

Health: -8/29      AC:  4    Str:  9    XL:     5   Next: 4%
Magic:  11/11      EV: 12    Int: 18    God:
Gold:   64         SH:  0    Dex: 15    Spells: 9/10 levels left

rFire   + . .      SeeInvis .    a - +0 falchion
rCold   + . .      Faith    .    (no shield)
rNeg    . . .      Spirit   .    k - +2 robe {rC+ rF+}
rPois   .          Reflect  .    (no helmet)
rElec   .          Harm     .    (no cloak)
rCorr   .          Rampage  .    (no gloves)
Will    .....                    (no boots)
Stlth   +                        (no amulet)
HPRegen 0.24/turn                (no ring)
MPRegen 0.12/turn                (no ring)

@: no status effects
A: no striking features
a: no special abilities


You were on level 3 of the Dungeon.
You visited 1 branch of the dungeon, and saw 3 of its levels.

You collected 64 gold pieces.

Inventory:

Hand Weapons
 a - a +0 falchion (weapon)
 e - a +2 dagger of venom
 m - a +2 short sword of draining
Armour
 b - a +0 leather armour
 k - a +2 robe of resistance (worn)
Jewellery
 i - an amulet of faith
Scrolls
 d - a scroll of immolation {unknown}
 f - 4 scrolls of identify {unknown}
 h - a scroll of blinking {unknown}
 j - 2 scrolls of noise {unknown}
 p - a scroll of teleportation {unknown}
Potions
 c - 2 potions of curing
 g - a potion of flight {unknown}
 l - 2 potions of haste {unknown}
 n - a potion of brilliance {unknown}
 o - a potion of lignification {unknown}


   Skills:
 - Level 1.5 Fighting
 + Level 5.2 Long Blades
 - Level 2.4 Dodging
 - Level 3.0 Spellcasting
 - Level 3.3 Conjurations


You had 9 spell levels left.
You knew the following spells:

 Your Spells              Type           Power      Damage    Failure   Level
a - Kiss of Death         Conj/Necr      32%        2d7       9%          1

Your spell library contained the following spells:

 Spells                   Type           Power      Damage    Failure   Level
 Momentum Strike          Conj/Tloc      16%        3d8       12%         2
 Hailstorm                Conj/Ice       8%         3d4       24%         3
 Iskenderun's Battlesphe  Conj           14%        2d7       75%         5
 Fireball                 Conj/Fire      4%         3d4       92%         5
 Conjure Ball Lightning   Conj/Air       4%         3x3d6     100%        6
 Orb of Destruction       Conj           7%         9d6       100%        7


Dungeon Overview and Level Annotations

Branches:
Dungeon (3/15)

Altars:

Shops:
D:1 *

Annotations:
D:3 Grinder, Ijyb


Message History

Ijyb is wielding a +4 dagger of speed and carrying a wand of flame (22).
The adder hisses angrily.
The adder moves out of view.
Ijyb is nearby!
Ijyb is nearby!
Ijyb is nearby!
Ijyb shouts!
Ijyb is nearby!
Ijyb screams, "I cut your head off!"
Ijyb zaps a wand.
The puff of flame hits you. You resist.
Grinder comes into view.
She is carrying a wand of roots (5).
You closely miss Ijyb.
Ijyb hits you with a +4 dagger of speed.
Ijyb zaps a wand.
The puff of flame hits you. You resist.
You closely miss Ijyb.
Ijyb hits you with a +4 dagger of speed.
You are too injured to fight recklessly!
You are too injured to fight recklessly!
You are too injured to fight recklessly!
You are too injured to fight recklessly!
You are too injured to fight recklessly!
You are too injured to fight recklessly!
You barely miss Ijyb.
Ijyb hits you with a +4 dagger of speed.
* * * LOW HITPOINT WARNING * * *
Ijyb zaps a wand.
The puff of flame hits you but does no damage.
You resist. Grinder gestures at you. Pain shoots through your body!
* * * LOW HITPOINT WARNING * * *
It was a potion of curing.
You feel better. The adder closely misses you.
Ijyb hits you with a +4 dagger of speed.
Grinder hits you but does no damage.
You hit Ijyb but do no damage. The adder bites you.
Ijyb hits you with a +4 dagger of speed.
* * * LOW HITPOINT WARNING * * *
Grinder gestures at you. Pain shoots through your body!
You die...

#### #. .... #. .[..
##.## .### ...# #.# #..#
#.# #..# #.# #5g# #.#
######.@# ##.##
.......S# #####...##
..#.....#######.......[.
#...##............#...##
##. ##.#######.####†## #
#...######.##...###
...#................
.##...###.#####.####. ..
## ## #.# #.# #.


You could see Grinder, Ijyb and an adder.

Vanquished Creatures
  A necrophage (D:3)
  An adder (D:3)
  A worm (D:2)
  4 dart slugs
  An orc (D:3)
  4 ball pythons
  3 bats
  8 endoplasms
  5 giant cockroaches
  2 goblins (D:1)
  2 hobgoblins
  4 jackals (D:1)
  5 quokkas
  2 frilled lizards
  7 kobolds
  4 rats
54 creatures vanquished.

Vanquished Creatures (others)
  14 plants (D:1)
  4 toadstools (D:1)
18 creatures vanquished.

Grand Total: 72 creatures vanquished

Notes
Turn   | Place    | Note
-------+----------+-------------------------------------------
     0 | D:1      | Leeroy the Deep Elf Reaver began the quest for the Orb.
     0 | D:1      | Reached XP level 1. HP: 12/12 MP: 6/6
   131 | D:1      | Reached skill level 3 in Long Blades
   176 | D:1      | Reached XP level 2. HP: 3/15 MP: 6/8
   340 | D:1      | Found Igumn's Assorted Antiques.
   571 | D:1      | Reached XP level 3. HP: 13/20 MP: 9/9
  1147 | D:2      | Reached skill level 4 in Long Blades
  1988 | D:3      | Reached XP level 4. HP: 23/25 MP: 10/10
  2136 | D:3      | Noticed a necrophage
  2157 | D:3      | Killed a necrophage
  2158 | D:3      | Reached skill level 5 in Long Blades
  2158 | D:3      | Reached XP level 5. HP: 5/29 MP: 11/11
  2268 | D:3      | Noticed Ijyb
  2271 | D:3      | Noticed Grinder
  2276 | D:3      | Killed from afar by Grinder

Illustrated notes

Levels and vault maps discovered:
D:1:      ldierk_walled_garden_2, layout_loops_ring, serial_shops, shop_statue,
          minmay_misc_feat_pillars, serial_bayou_lake_a
D:2:      layout_basic
D:3:      layout_loops_ring, pdpol_temple_overflow_zin_treasury_gozag_greed,
          xom_teletrap_fun, minmay_liquid_box, uniq_ijyb, uniq_grinder

Skill      XL: |  1  2  3  4 |
---------------+-------------+-----
Long Blades    | 3 4 5 |  5.2
Fighting       | |  1.5
Dodging        | |  2.4
Spellcasting   | |  3.0
Conjurations   | |  3.3

Action                   |  1- 3 |  4- 6 || total
-------------------------+-------+-------++-------
Melee: Falchion          |   183 |    17 ||   200
       Short sword       |     5 |    13 ||    18
       Punch             |     2 |       ||     2
 Cast: Kiss of Death     |     1 |       ||     1
  Use: Potion            |       |     1 ||     1
 Stab: Sleeping          |     4 |     1 ||     5
Armor: Leather armour    |    47 |       ||    47
       Robe              |     6 |     9 ||    15
Dodge: Dodged            |   137 |    10 ||   147

Table legend: (Time is in decaauts)
 A = Elapsed time spent in this place.
 B = Non-inter-level travel time spent in this place.
 C = Inter-level travel time spent in this place.
 D = Time resting spent in this place.
 E = Time spent auto-exploring this place.
 F = Levels seen in this place.
 G = Mean time per level.
                   A        B        C        D        E       F      G
               +--------+--------+--------+--------+--------+-----+--------+
         Total |   2340 |   2238 |    102 |      0 |   1764 |   3 |  780.0 |
       Dungeon |   2340 |   2238 |    102 |      0 |   1764 |   3 |  780.0 |
               +--------+--------+--------+--------+--------+-----+--------+

Top non-repeatable levels by time:
     D:1: 1156 daAuts
     D:2: 842 daAuts
     D:3: 340 daAuts
